[Event "*** Titled Tuesday 3|2 Blitz"]
[Site "Chess.com"]
[Date "2015.07.07"]
[Round "2"]
[White "Hikaru"]
[Black "Cryptochess"]
[Result "1-0"]
[WhiteElo "2834"]
[BlackElo "2367"]
[TimeControl "180+2"]
[EndTime "11:23:59 PDT"]
[Termination "Hikaru won by resignation"]

1. d4 Nf6 2. c4 e6 3. e3 b6 4. Nc3 Bb7 5. Nf3 Bb4 6. Bd2 O-O 7.
Bd3 d6 8. Qc2 Nbd7 9. a3 Bxc3 10.
Bxc3 c5 11. O-O Qe7 12. Qe2 Rac8 13. Rac1 e5 14. dxe5 Nxe5 15. Nxe5 dxe5 16. Bc2 Ne4 17. Be1 f5 18. f3 Nf6 19. Bxf5 Rcd8 20. Bc2 e4 21. f4 Bc8 22. Bc3 Bf5 23. h3 h5 24.
Rcd1 h4 25. Rxd8 Rxd8 26. Rd1 Rxd1+ 27. Qxd1 Qf7 28. Be1 Kh7 29. b3 Qg6 30. Kh2 Qh6 31. Qb1 Qh5 32. Qd1 Qh6 33. Qe2 Nh5 34. Bd1 g6 35.
Qd2 g5 36. Qd5 Ng7 37. Bg4 Qg6 38. Bxf5 Nxf5 39. Qxe4 g4 40. hxg4 Qxg4 41. Bf2 Kg6 42.
Qe6+ Kh5 43. Qe8+ Kh6 44. Qe6+ Kh5 45. Qe5 Kg6 46. e4 Ng7 47. f5+ Kh7 48. f6 Ne6 49. b4 Kg6 50. bxc5 bxc5 51. Qf5+ Qxf5 52. exf5+ Kxf5 53. f7 Kg6 54. Bxc5 Kxf7 55. Bxa7 Nf4 56.
Bf2 h3 57. gxh3 Ke6 58. Be3 Nd3 59. Bd4 Kf5 60. c5 Nf4 61. c6 Nd5 62. h4 Ke6 63. h5 Ne7 64. h6 Ng6 65. c7 Kd7 66. Bb6 Ne5 67. h7 Nf7 68. a4 Kc8 69. a5 Kb7 70. Kg3 Kc8 71. Kf4 Kb7 72. a6+ 1-0

[Event "*** Titled Tuesday 3|2 Blitz"]
[Site "Chess.com"]
[Date "2015.07.07"]
[Round "2"]
[White "matein28"]
[Black "Recombinant"]
[Result "1/2-1/2"]
[WhiteElo "2150"]
[BlackElo "2115"]
[TimeControl "180+2"]
[EndTime "11:24:15 PDT"]
[Termination "Game drawn - insufficient material"]

1. d4 d5 2. c4 dxc4 3. Nc3 c6 4.
a4 Nf6 5. Nf3 Bf5 6. Ne5 Nbd7 7.
Nxc4 Nb6 8. Ne5 a5 9. f3 Nfd7 10. Nxd7 Qxd7 11. e4 Bg6 12. Be3 Nc8 13. h4 h5 14. d5 e6 15. dxe6 Qxe6 16. Bd3 Bb4 17. Qe2 Nd6 18. O-O O-O 19. Rad1 Rfe8 20. Qf2 Qb3 21.
Qc2 Qxc2 22. Bxc2 Nc4 23. Bc1 Rad8 24. Bb3 Bc5+ 25. Kh2 Ne3 26. Bxe3 Bxe3 27. Rfe1 Bf4+ 28. g3 Be5 29. Bc2 Bc7 30. f4 f6 31. Kg2 Rxd1 32. Rxd1 Rd8 33. Rxd8+ Bxd8 34. Bb3+ Bf7 35. Bxf7+ Kxf7 36. Kf3 Ke6 37. Nd1 b5 38. b3 Kd6 39. Ke3 Kc5 40.
Kd3 Kb4 41. axb5 cxb5 42. Kc2 Bb6 43. e5 fxe5 44. fxe5 Kc5 45. Nc3 b4 46. Na4+ Kc6 47. Nxb6 Kxb6 48. Kd3 Kc5 49. e6 Kd6 50. Kc4 Kxe6 51.
Kb5 Kf5 52. Kxa5 Kg4 53. Kxb4 Kxg3 54. Kc5 Kxh4 55. b4 g5 56. b5 g4 57. b6 g3 58. b7 g2 59. b8=Q g1=Q+ 60. Kc4 Qg4+ 61. Kd5 Qg5+ 62. Ke4 Qg2+ 63. Kf5 Qf3+ 64. Ke6 Qe4+ 65.
Kf6 Qf3+ 66. Ke6 Qg4+ 67. Kf6 Kh3 68. Qb3+ Qg3 69. Qe6+ Kg2 70. Qe4+ Kh3 71. Qh1+ Kg4 72. Qd1+ Kh4 73. Qh1+ Qh3 74. Qe1+ Qg3 75. Qh1+ Kg4 76.
Qd1+ Qf3+ 77. Qxf3+ Kxf3 78. Kg5 h4 79. Kxh4 1/2-1/2

[Event "*** Titled Tuesday 3|2 Blitz"]
[Site "Chess.com"]
[Date "2015.07.07"]
[Round "2"]
[White "penguingm1"]
[Black "chessloveyou"]
[Result "1/2-1/2"]
[WhiteElo "2511"]
[BlackElo "1979"]
[TimeControl "180+2"]
[EndTime "11:24:18 PDT"]
[Termination "Game drawn by agreement"]

1. d4 f5 2. Nf3 Nf6 3. c4 e6 4. g3 b6 5. Bg2 Bb7 6. O-O Be7 7. d5 exd5 8. Nd4 c6 9. cxd5 Nxd5 10. Nxf5 O-O 11.
e4 Nf6 12. e5 Ne8 13. Qg4 d5 14. exd6 Bf6 15. Rd1 Bc8 16. Qe4 Bxf5 17. Qxf5 Qd7 18.
Qxd7 Nxd7 19. Bxc6 Rd8 20. Nc3 Nc5 21. Bf4 g5 22. d7 Nxd7 23. Bxg5 Bxg5 24. Rxd7 Rxd7 25. Bxd7 Nf6 26. Be6+ Kg7 27. f4 Bh6 28. Rd1 Re8 29.
Bc4 Re7 30. Nd5 Nxd5 31. Rxd5 Rc7 32. b3 Kf8 33. Rf5+ Kg7 34. Kg2 Kg6 35. Re5 Bg7 36. Re6+ Kf5 37. Kf3 Rxc4 38. Re7 Rc3+ 39. Kg2 Kg6 40.
Rxa7 Bd4 41. g4 Be3 42. Kf3 Bg1+ 43. Ke4 Bxh2 44. f5+ Kh6 45. f6 Rc6 46. Kf5 Rc5+ 47. Ke6 Re5+ 48. Kf7 Kg5 49. Kg7 Re1 50. f7 Bd6 51.
f8=Q Bxf8+ 52. Kxf8 Kxg4 53. Rxh7 Re2 54. Rh6 Rxa2 55.
Rxb6 Re2 56. Kf7 Kf4 57. Rf6+ Kg4 58. b4 Rb2 59. Rb6 Kf5 60. Ke7 Ke5 61. Kd7 Kd5 62. b5 Kc5 63. Rc6+ Kxb5 64. Kc7 Rb4 65. Rb6+ Kc5 66.
Rh6 Rg4 67. Rh5+ Kc4 68. Kd6 Rd4+ 1/2-1/2

[Event "*** Titled Tuesday 3|2 Blitz"]
[Site "Chess.com"]
[Date "2015.07.07"]
[Round "2"]
[White "MFBerna"]
[Black "HansCoolNiemann"]
[Result "0-1"]
[WhiteElo "2022"]
[BlackElo "1952"]
[TimeControl "180+2"]
[EndTime "11:24:25 PDT"]
[Termination "HansCoolNiemann won by checkmate"]

1. e4 e6 2. d4 d5 3. Nd2 c5 4.
exd5 Qxd5 5. Ngf3 cxd4 6. Bc4 Qd6 7. O-O Nf6 8. Nb3 Nc6 9. Nbxd4 Nxd4 10. Qxd4 Qxd4 11.
Nxd4 Bd7 12. Bf4 a6 13. Rad1 Rc8 14. Bb3 Bc5 15. Rfe1 O-O 16. Bg5 h6 17. Bxf6 gxf6 18. Nf5 Bc6 19. Nxh6+ Kg7 20. Ng4 Rg8 21. Ne3 Kh8 22. g3 f5 23. Ng2 Rgd8 24. Nf4 Bf3 25. Rd3 Be4 26. Rxd8+ Rxd8 27. Nd3 Bxd3 28. Rd1 Rd6 29.
cxd3 Bd4 30. Rd2 Rc6 31. Kg2 Rc1 32. Bd1 b5 33. Bf3 Ra1 34. b3 Bc3 35. Rc2 b4 36. a4 bxa3 37. Rxc3 a2 38. Rc2 Rg1+ 39. Kxg1 a1=Q+ 40. Kg2 Qd4 41. Rd2 Qc3 42. Rd1 Qxb3 43. d4 a5 44. d5 exd5 45. Rxd5 a4 46. Rxf5 a3 47. Bd5 Qd3 48. g4 f6 49. h3 Kg7 50. Rh5 Qd2 51. Rf5 a2 52. Bxa2 Qxa2 53. Rh5 Qc4 54. Rf5 Qe4+ 55.
Kg3 Qh1 56. Rh5 Qg1+ 57. Kf3 Kg6 58. Rf5 Qh2 59. Rh5 Kg7 60. Ke3 Qg2 61. Kf4 Qxf2+ 62. Ke4 Kg6 63. Kd3 Qf3+ 64. Kd2 Kf7 65. Ke1 Ke6 66. Kd2 f5 67. Rxf5 Qxh3 68. Rf4 Qg3 69.
Re4+ Kd5 70. Re3 Qxg4 71. Rd3+ Ke4 72. Re3+ Kf4 73. Re2 Qf3 74. Re1 Qf2+ 75. Re2 Qd4+ 76. Kc2 Kf3 77. Rd2 Qc4+ 78. Kd1 Ke3 79. Rh2 Qd4+ 80.
Ke1 Qa1# 0-1

[Event "*** Titled Tuesday 3|2 Blitz"]
[Site "Chess.com"]
[Date "2015.07.07"]
[Round "2"]
[White "MichiganEagle"]
[Black "armago"]
[Result "1/2-1/2"]
[WhiteElo "2250"]
[BlackElo "2147"]
[TimeControl "180+2"]
[EndTime "11:25:25 PDT"]
[Termination "Game drawn - insufficient material"]

1. d4 Nf6 2. Nf3 g6 3. g3 Bg7 4. Bg2 O-O 5. O-O d5 6. c4 dxc4 7. Na3 c3 8. bxc3 c5 9. Qb3 Nc6 10. Rd1 cxd4 11. cxd4 Be6 12. Qxb7 Bd5 13. Qa6 Rb8 14.
Bf4 Rb6 15. Qd3 Nb4 16. Qc3 Nxa2 17. Qc7 Qxc7 18. Bxc7 Rb7 19. Be5 Nc3 20. Rd2 Rc8 21. Bxf6 Bxf6 22. Ne5 Bxg2 23. Kxg2 Bxe5 24. dxe5 Rc5 25.
Rc2 Rb3 26. Nb1 Ne4 27. Rxc5 Nxc5 28. Nd2 Rb2 29. Nc4 Rxe2 30. Rxa7 Nd3 31. Rxe7 Rxf2+ 32. Kg1 Re2 33. Nd6 Nxe5 34. Kf1 Rd2 35. Re8+ Kg7 36. Rxe5 Rxd6 37. Kg2 Re6 38. Rd5 h6 39. h4 h5 40. Kf3 Kf6 41. Rc5 Re5 42. Rc6+ Kg7 43. Rc7 Rf5+ 44. Kg2 Kh6 45. Rb7 f6 46. Rf7 g5 47. hxg5+ Kxg5 48. Rf8 Ra5 49. Rg8+ Kf5 50. Rh8 Ke4 51. Kh3 Kf3 52. Rf8 Rf5 53. Kh2 Kg4 54. Rg8+ Rg5 55. Rf8 f5 56. Kg2 Rg6 57. Rf7 Kg5 58.
Rf8 Ra6 59. Rg8+ Kf6 60. Rh8 Ra2+ 61. Kh3 Ra3 62. Kg2 Kg6 63. Rg8+ Kf6 64. Rh8 Kg6 65. Rg8+ Kh6 66. Kf2 Ra6 67. Kf3 Rg6 68. Rf8 Kg5 69.
Rh8 Rg7 70. Kg2 Rg6 71. Rh7 Rh6 72. Rg7+ Kf6 73. Rg8 h4 74. gxh4 Rxh4 75. Kg3 Ra4 76. Kf3 Ra3+ 77. Kf4 Ra4+ 78. Kf3 Rc4 79. Rf8+ Kg6 80.
Rg8+ Kf7 81. Rg5 Kf6 82. Rg8 Ra4 83. Rf8+ Ke6 84. Re8+ Kd7 85. Rf8 Ke6 86. Re8+ Kf7 87. Re5 Kf6 88. Re8 Kf7 89. Re5 Ra3+ 90. Kf4 Kg6 91.
Re6+ Kf7 92. Kxf5 Rf3+ 93. Ke4 Rf1 94. Re5 Re1+ 95. Kd4 Rxe5 96. Kxe5 1/2-1/2

[Event "*** Titled Tuesday 3|2 Blitz"]
[Site "Chess.com"]
[Date "2015.07.07"]
[Round "3"]
[White "LuckyTiger"]
[Black "162a54f5d"]
[Result "1-0"]
[WhiteElo "2426"]
[BlackElo "2224"]
[TimeControl "180+2"]
[EndTime "11:28:36 PDT"]
[Termination "LuckyTiger won by resignation"]

1. e4 e5 2. Nf3 Nc6 3. Bb5 a6 4. Ba4 Nf6 5. d3 b5 6. Bb3 Be7 7. O-O O-O 8. a4 Rb8 9. Re1 d6 10. h3 Na5 11. Ba2 c5 12. Nc3 c4 13. Bg5 Be6 14.
axb5 axb5 15. Bb1 b4 16. Ne2 Qc7 17. d4 c3 18. bxc3 bxc3 19. Ra3 Nxe4 20. Bxe7 Qxe7 21. Rxa5 1-0

[Event "*** Titled Tuesday 3|2 Blitz"]
[Site "Chess.com"]
[Date "2015.07.07"]
[Round "3"]
[White "Jahonas"]
[Black "Carolina-moon"]
[Result "0-1"]
[WhiteElo "2086"]
[BlackElo "1991"]
[TimeControl "180+2"]
[EndTime "11:28:52 PDT"]
[Termination "Carolina-moon won by resignation"]

1. d4 f5 2. Nf3 Nf6 3. c4 g6 4. Nc3 Bg7 5. g3 O-O 6. Bg2 d6 7. d5 c6 8. O-O e5 9. dxe6 Bxe6 10. Bf4 Bxc4 11. Bxd6 Re8 12. Re1 Na6 13. Ne5 Be6 14.
Qd2 Ne4 15. Nxe4 fxe4 16. Red1 Bd5 17. Qf4 Qxd6 0-1

[Event "*** Titled Tuesday 3|2 Blitz"]
[Site "Chess.com"]
[Date "2015.07.07"]
[Round "3"]
[White "kesarev"]
[Black "FMchesskid"]
[Result "1-0"]
[WhiteElo "2196"]
[BlackElo "1962"]
[TimeControl "180+2"]
[EndTime "11:29:01 PDT"]
[Termination "kesarev won by checkmate"]

1. Nf3 d5 2. c4 e6 3. b3 Nf6 4.
Bb2 c5 5. g3 Nc6 6. e3 Bd6 7. Bg2 O-O 8. O-O e5 9. cxd5 Nxd5 10.
d4 Bg4 11. dxc5 Bxc5 12. Qc2 Qe7 13. Ng5 Ndb4 14. Qxh7# 1-0

[Event "*** Titled Tuesday 3|2 Blitz"]
[Site "Chess.com"]
[Date "2015.07.07"]
[Round "3"]
[White "KyronGriffith"]
[Black "armago"]
[Result "1-0"]
[WhiteElo "2254"]
[BlackElo "2141"]
[TimeControl "180+2"]
[EndTime "11:30:03 PDT"]
[Termination "KyronGriffith won by resignation"]

1. e4 c5 2. Nf3 Nc6 3. d4 cxd4 4. Nxd4 Nf6 5. Nc3 e5 6. Ndb5 d6 7. Bg5 a6 8. Na3 b5 9. Nd5 Be7 10. Bxf6 Bxf6 11. c4 b4 12. Nc2 O-O 13. g3 Bg5 14. Bg2 a5 15. O-O Rb8 16. b3 Be6 17. Qd3 g6 18.
Rad1 Kh8 19. f4 exf4 20. gxf4 Bh6 21. Nde3 Qb6 22. Kh1 Rbd8 23. f5 Ne5 24. Qd4 Qxd4 25.
Rxd4 gxf5 26. exf5 Bc8 27. Rfd1 Rg8 28. Rxd6 Rde8 29. Rxh6 1-0

[Event "*** Titled Tuesday 3|2 Blitz"]
[Site "Chess.com"]
[Date "2015.07.07"]
[Round "3"]
[White "Keaton87"]
[Black "lukas_111111"]
[Result "1-0"]
[WhiteElo "2439"]
[BlackElo "2174"]
[TimeControl "180+2"]
[EndTime "11:30:14 PDT"]
[Termination "Keaton87 won by resignation"]

1. d4 Nf6 2. Nf3 e6 3. Bg5 c5 4. e3 Nc6 5. c3 b6 6. Nbd2 Bb7 7. Bd3 Be7 8. O-O d6 9. a4 h6 10. Bh4 O-O 11. Qb1 cxd4 12. exd4 Nh5 13. Bxe7 Qxe7 14.
Re1 f5 15. d5 Ne5 16. Nxe5 dxe5 17. Rxe5 Bxd5 18. Bc4 Bxg2 19. Rxe6 1-0

[Event "*** Titled Tuesday 3|2 Blitz"]
[Site "Chess.com"]
[Date "2015.07.07"]
[Round "3"]
[White "AlexCn1"]
[Black "MFBerna"]
[Result "0-1"]
[WhiteElo "2036"]
[BlackElo "2060"]
[TimeControl "180+2"]
[EndTime "11:32:17 PDT"]
[Termination "MFBerna won by resignation"]

1. b3 e5 2. Bb2 Nc6 3. e3 d5 4. Bb5 Bd6 5. Ne2 Nf6 6. Ng3 O-O 7. O-O Ne7 8. f4 exf4 9. exf4 Nf5 10. Bd3 Nxg3 11.
hxg3 Bg4 12. Be2 Bxe2 13. Qxe2 Re8 14. Qf3 c6 15. d3 Qb6+ 16. Qf2 Qxf2+ 17. Rxf2 Ng4 18.
Rf1 Ne3 19. Rf2 Nd1 20. Bd4 Nxf2 21. Kxf2 c5 22. Be3 Re6 23. Na3 Rae8 24. Re1 d4 25. Bd2 Rxe1 26. Bxe1 a6 27. c3 dxc3 28. Bxc3 b5 29. Nc2 f6 30. Ne3 Kf7 31. d4 Re4 32.
Kf3 Re8 33. Nf5 Bf8 34. d5 g6 35. Ne3 f5 36. g4 fxg4+ 37. Nxg4 Bg7 38. Ne5+ Kg8 39. d6 Rd8 40. b4 c4 41. d7 Bxe5 42. fxe5 Rxd7 43. Ke4 Kf7 44. Bd4 Ke6 45. g4 h5 46.
gxh5 gxh5 0-1

[Event "*** Titled Tuesday 3|2 Blitz"]
[Site "Chess.com"]
[Date "2015.07.07"]
[Round "3"]
[White "Lupul_Cenusiu"]
[Black "IMRosen"]
[Result "1-0"]
[WhiteElo "2378"]
[BlackElo "2257"]
[TimeControl "180+2"]
[EndTime "11:32:25 PDT"]
[Termination "Lupul_Cenusiu won by resignation"]

1. d4 d5 2. Nf3 Nf6 3. c4 e6 4. e3 Be7 5. Nc3 O-O 6. Be2 a6 7. O-O dxc4 8. a4 b6 9. Bxc4 Bb7 10. Qe2 Nbd7 11. Rd1 Ne4 12. Nxe4 Bxe4 13. Bxa6 Nf6 14. Bd3 Qd5 15. Bc4 Qh5 16. b3 Bd6 17. h3 Nd5 18.
Bb2 Qg6 19. Rac1 Kh8 20. Ne1 Bb4 21. f3 b5 22. fxe4 bxc4 23. exd5 cxb3 24. Nd3 Bd6 25. Ne5 Bxe5 26. dxe5 exd5 27. Qd3 Qb6 28. Qd4 Qh6 29. Rd3 c6 30. Rxb3 Qg6 31. Rbc3 Ra6 32. e6 fxe6 33. Rxc6 Rxc6 34. Rxc6 Qf7 35. Kh2 h5 36. Qe5 Re8 37. Rc7 1-0

[Event "*** Titled Tuesday 3|2 Blitz"]
[Site "Chess.com"]
[Date "2015.07.07"]
[Round "3"]
[White "facu57"]
[Black "AungTZ"]
[Result "0-1"]
[WhiteElo "2207"]
[BlackElo "2149"]
[TimeControl "180+2"]
[EndTime "11:32:30 PDT"]
[Termination "AungTZ won by checkmate"]

1. e4 c5 2. Nf3 Nc6 3. Bb5 e6 4. Bxc6 bxc6 5. e5 Ne7 6. O-O d6 7. exd6 Nf5 8. b3 Bxd6 9. Bb2 O-O 10. d3 f6 11. Nbd2 e5 12. Nc4 Be7 13. Re1 Nd4 14. c3 Ne6 15. d4 cxd4 16. cxd4 Nxd4 17. Nxd4 exd4 18. Qxd4 Qxd4 19. Bxd4 Bb4 20. Rec1 Bf5 21. Bc3 Be7 22. Ne3 Bg6 23. Bd4 Rfd8 24. Bc5 Bxc5 25.
Rxc5 Be8 26. Rd1 Rxd1+ 27. Nxd1 Rd8 28. Ne3 Kf7 29. g3 Ke6 30. h4 g6 31. Ra5 Rd7 32.
Kf1 Rb7 33. Ke2 Kd7 34. Kd3 Bf7 35. Kc3 Kc7 36. f4 Kb6 37. Ra4 Re7 38. Ng4 Re6 39.
Rd4 h5 40. Nf2 Re2 41. Rd2 Re3+ 42. Rd3 Re2 43. Nd1 Bd5 44. Ne3 Be4 45. Nc4+ Kc5 46. Re3 Rc2# 0-1

[Event "*** Titled Tuesday 3|2 Blitz"]
[Site "Chess.com"]
[Date "2015.07.07"]
[Round "3"]
[White "matein28"]
[Black "patzerplay"]
[Result "1-0"]
[WhiteElo "2194"]
[BlackElo "2180"]
[TimeControl "180+2"]
[EndTime "11:32:33 PDT"]
[Termination "matein28 won by checkmate"]

1. d4 d6 2. c4 c6 3. Nc3 Qc7 4. g3 Nf6 5. Bg2 e5 6. e4 Be7 7. Nge2 O-O 8. O-O b6 9. f4 Nbd7 10. fxe5 dxe5 11. d5 Bb7 12. Bg5 h6 13. Bc1 Bc5+ 14.
Kh1 Ng4 15. Qe1 Ne3 16. Bxe3 Bxe3 17. dxc6 Bxc6 18. Nd5 Bxd5 19. cxd5 a6 20. Nc3 Bd4 21. Rc1 Nc5 22. Na4 Qd6 23. Nxc5 bxc5 24. b3 a5 25. Rc4 Rfb8 26. Qe2 a4 27. Qh5 g6 28. Qxh6 axb3 29. axb3 Rxb3 30. Bh3 Be3 31. Qh4 Qa6 32. Rc2 Qd3 33.
Ra2 Rxa2 34. Qd8+ Kg7 35. Qf6+ Kh6 36. Qh8+ Kg5 37. Qh4# 1-0

[Event "*** Titled Tuesday 3|2 Blitz"]
[Site "Chess.com"]
[Date "2015.07.07"]
[Round "3"]
[White "AlexanderL"]
[Black "Danirod"]
[Result "1-0"]
[WhiteElo "2527"]
[BlackElo "2412"]
[TimeControl "180+2"]
[EndTime "11:32:44 PDT"]
[Termination "AlexanderL won by resignation"]

1. g3 d5 2. Nf3 Nf6 3. Bg2 c6 4. b3 g6 5. Bb2 Bg7 6. O-O O-O 7. c4 Bg4 8. d3 Nbd7 9. Nbd2 Re8 10. Ne5 Nxe5 11.
Bxe5 Qd7 12. Re1 Bh3 13. Bh1 Rad8 14. Rc1 Qf5 15. Nf3 Ng4 16. Bxg7 Kxg7 17. Qd2 d4 18. Qg5 Nh6 19. Qxf5 Nxf5 20. Ng5 Bg4 21. h3 h5 22.
hxg4 hxg4 23. Ne4 b6 24. c5 b5 25. Nd2 Rc8 26. Be4 e5 27. b4 Ne7 28. e3 Rcd8 29.
exd4 Rxd4 30. a3 f5 31. Nb3 Rdd8 32. Bg2 Rxd3 33. Na5 e4 34. Bxe4 fxe4 35. Rxe4 Rd7 36. Rce1 Rc7 37. Nxc6 Rxc6 38. Rxe7+ Rxe7 39. Rxe7+ Kf6 40.
Rxa7 Ke5 41. Ra5 Kd4 42. Rxb5 Ra6 43. Rb6 Rxa3 44. Rxg6 Kd5 45. Rxg4 1-0

[Event "*** Titled Tuesday 3|2 Blitz"]
[Site "Chess.com"]
[Date "2015.07.07"]
[Round "3"]
[White "jcibarra"]
[Black "Viaje"]
[Result "1-0"]
[WhiteElo "2578"]
[BlackElo "2253"]
[TimeControl "180+2"]
[EndTime "11:32:52 PDT"]
[Termination "jcibarra won by resignation"]

1. e4 c5 2. Nf3 d6 3. d4 cxd4 4.
Nxd4 Nf6 5. Nc3 a6 6. Be3 e5 7.
Nf3 Be7 8. Bc4 O-O 9. O-O Qc7 10. Bb3 Be6 11. Qe2 Nc6 12. Rfd1 Rac8 13. Bg5 Na5 14.
Bxf6 Bxf6 15. Rac1 Nxb3 16. axb3 Be7 17. Nd5 Bxd5 18. Rxd5 f5 19. c3 Qb6 20. b4 fxe4 21. Qxe4 Rf4 22. Qe2 Rcf8 23. Rf1 Qc6 24. Rd2 Qb6 25.
Qe3 Qxe3 26. fxe3 R4f7 27. e4 g5 28. Re2 g4 29. Nd2 Bg5 30. Rxf7 Kxf7 31. Nc4 Ke6 32. Nb6 h5 33. Nd5 h4 34. Rf2 Rc8 35. b3 Rc6 36. Kf1 Rc8 37. Rf5 Bf4 38. Rf6+ Kd7 39. Nb6+ Ke7 40.
Rxf4 exf4 41. Nxc8+ Kd7 42. Nb6+ Kc6 43. Nd5 g3 44. h3 1-0

[Event "*** Titled Tuesday 3|2 Blitz"]
[Site "Chess.com"]
[Date "2015.07.07"]
[Round "3"]
[White "lexiel"]
[Black "Tirantes"]
[Result "1-0"]
[WhiteElo "2210"]
[BlackElo "2227"]
[TimeControl "180+2"]
[EndTime "11:33:00 PDT"]
[Termination "lexiel won by resignation"]

1. b3 e5 2. Bb2 d6 3. e3 Nf6 4. Ne2 g6 5. d4 Nbd7 6. Nbc3 Bg7 7. Qd2 O-O 8. O-O-O a5 9. Kb1 a4 10. f3 axb3 11. axb3 Re8 12. g4 exd4 13. exd4 c6 14. h4 Qa5 15. h5 Nd5 16. Nxd5 Qxd2 17. Rxd2 cxd5 18. Rd1 Nf6 19. h6 Bh8 20. Nc3 Bd7 21. Bg2 Re3 22. g5 Nh5 23. Nxd5 Re2 24.
Bf1 Rf2 25. Nb6 Bf5 26. Bd3 Bxd3 27. Rxd3 Re8 28. Nd5 f6 29. Rc3 Ng3 30. Rd1 Ne2 31.
Rc7 fxg5 32. Ne7+ Kf8 33. Nc8 Kg8 34. Nxd6 Rxf3 35. Nxe8 g4 36. d5 Nc3+ 37. Bxc3 Bxc3 38. d6 g3 39. d7 Ba5 40. d8=Q 1-0

[Event "*** Titled Tuesday 3|2 Blitz"]
[Site "Chess.com"]
[Date "2015.07.07"]
[Round "3"]
[White "pedromartinez91"]
[Black "Cryptochess"]
[Result "0-1"]
[WhiteElo "2146"]
[BlackElo "2371"]
[TimeControl "180+2"]
[EndTime "11:33:26 PDT"]
[Termination "Cryptochess won by resignation"]

1. Nf3 Nf6 2. c4 e6 3. g3 d5 4.
Bg2 dxc4 5. Qa4+ c6 6. Qxc4 b5 7. Qc2 Bb7 8. a4 Qb6 9. O-O Be7 10. d3 a6 11. Be3 c5 12. b4 Nbd7 13. axb5 axb5 14. Rxa8+ Bxa8 15. Rc1 O-O 16. bxc5 Qc6 17. d4 Rc8 18. Bd2 Ne4 19. Bb4 f5 20. Nbd2 Nxd2 21. Qxd2 Nf6 22. Qe3 Nd5 23. Qd2 Bf6 24. e3 g5 25. Ne1 Qd7 26. Ra1 Bc6 27. Nd3 f4 28. Ne5 Bxe5 29. dxe5 Nxb4 30. Qxb4 Bxg2 31. Kxg2 Qd5+ 32.
Kg1 Qxe5 33. Qd4 Qxc5 34. Ra8 Qc1+ 35. Kg2 Rxa8 36. Qe5 Qc6+ 37. e4 h6 38. f3 Ra2+ 39. Kh3 Qe8 40. Kg4 Rxh2 41. gxf4 Qh5+ 0-1

[Event "*** Titled Tuesday 3|2 Blitz"]
[Site "Chess.com"]
[Date "2015.07.07"]
[Round "3"]
[White "geeeeri"]
[Black "stepanosinovsky"]
[Result "1-0"]
[WhiteElo "2323"]
[BlackElo "2288"]
[TimeControl "180+2"]
[EndTime "11:33:27 PDT"]
[Termination "geeeeri won by resignation"]

1. e4 b6 2. d4 Bb7 3. Bd3 e6 4. Nf3 Ne7 5. O-O d5 6. e5 Nbc6 7. c3 Qd7 8. b4 O-O-O 9. a4 f6 10. a5 Ng6 11. axb6 axb6 12. Ba6 fxe5 13. Qa4 Nb8 14. Bxb7+ Kxb7 15. Qa8+ Kc8 16. dxe5 Be7 17. Nd4 Nxe5 18. Ra7 c5 19. Rxd7 Rxd7 20. Nxe6 Nc6 21. Qa2 cxb4 22.
Bf4 Bf6 23. cxb4 Re8 24. Ng5 d4 25. b5 Na5 26. Rc1+ Kb7 27. Nd2 Re2 28. Nge4 Re7 29. Qd5+ Ka7 30. Kf1 Rxd2 31. Nxd2 Rd7 32. Bxb8+ Kxb8 33.
Qxd7 1-0

[Event "*** Titled Tuesday 3|2 Blitz"]
[Site "Chess.com"]
[Date "2015.07.07"]
[Round "3"]
[White "AndreyOstrovskiy"]
[Black "TheLancer"]
[Result "1-0"]
[WhiteElo "2350"]
[BlackElo "2269"]
[TimeControl "180+2"]
[EndTime "11:33:44 PDT"]
[Termination "AndreyOstrovskiy won by checkmate"]

1. e4 c5 2. Nf3 g6 3. d4 cxd4 4. Qxd4 Nf6 5. Nc3 Nc6 6. Qa4 d6 7. e5 dxe5 8. Nxe5 Qd4 9. Nxc6 Qxa4 10. Nxa4 bxc6 11. Be3 Bg7 12. Bd4 O-O 13. f3 e5 14.
Bc5 Rd8 15. Bc4 Bf5 16. Bb3 e4 17. g4 Bc8 18. g5 Nd7 19. O-O-O Re8 20. fxe4 Nxc5 21.
Nxc5 Bf8 22. Nd7 Be7 23. Nf6+ Bxf6 24. gxf6 Bg4 25. Rd4 Be6 26. Re1 Bxb3 27. axb3 Re6 28. e5 Rae8 29. Rde4 h6 30. Kd2 Kh7 31. Kd3 Rd8+ 32.
Kc3 Rd5 33. b4 g5 34. Kb3 a6 35. c4 Rd3+ 36. Ka4 Kg6 37. R1e2 Rd1 38. Ka5 Ra1+ 39.
Kb6 a5 40. bxa5 c5+ 41. Kb5 Kf5 42. R4e3 Kf4 43. b4 cxb4 44. c5 Rc1 45. a6 b3 46. Rxb3 Ra1 47. c6 Rc1 48. a7 Rcxc6 49. a8=Q Rb6+ 50. Kc5 Rxb3 51. Qe4# 1-0

[Event "*** Titled Tuesday 3|2 Blitz"]
[Site "Chess.com"]
[Date "2015.07.07"]
[Round "3"]
[White "darkknight123456"]
[Black "ChessWarrior7197"]
[Result "0-1"]
[WhiteElo "2098"]
[BlackElo "2306"]
[TimeControl "180+2"]
[EndTime "11:34:00 PDT"]
[Termination "ChessWarrior7197 won on time"]

1. e4 c5 2. Nf3 d6 3. c4 Nf6 4. Nc3 g6 5. d4 cxd4 6. Nxd4 Bg7 7. Be2 O-O 8. O-O Nc6 9. Be3 Bd7 10. Qd2 Ng4 11. Bxg4 Bxg4 12. f3 Bd7 13. Rfd1 Rc8 14. b3 a6 15. Rac1 Re8 16. Nd5 Rb8 17. Ne2 b5 18. c5 dxc5 19. Bxc5 Be6 20. Qe3 Qa5 21. a3 Bxd5 22. exd5 Ne5 23. Bb4 Qd8 24. Qe4 Qd7 25. Nd4 Rbc8 26. Nc6 Nxc6 27. dxc6 Qa7+ 28. Bc5 Qc7 29. Bf2 Red8 0-1

[Event "*** Titled Tuesday 3|2 Blitz"]
[Site "Chess.com"]
[Date "2015.07.07"]
[Round "3"]
[White "newtie4"]
[Black "GeorgMeier"]
[Result "0-1"]
[WhiteElo "2473"]
[BlackElo "2733"]
[TimeControl "180+2"]
[EndTime "11:34:04 PDT"]
[Termination "GeorgMeier won by resignation"]

1. d4 e6 2. Nf3 Nf6 3. g3 b5 4. Bg2 d5 5. Bg5 Nbd7 6. a4 b4 7. c4 bxc3 8. Nxc3 Be7 9. Rc1 c6 10. O-O Ba6 11. Re1 O-O 12. e4 h6 13. Bf4 Rc8 14. Nd2 Qb6 15. e5 Nh7 16. Qg4 Kh8 17. Be3 Qxb2 18. Ne2 Bd3 19. Nf4 Bf5 20. Qh5 c5 21.
Nf3 Be4 22. dxc5 Bxc5 23. Bxc5 Nxc5 24. Rcd1 Nb3 25. Nh4 Bc2 26. Bh3 Ng5 27. Bg4 Bxd1 28. Rxd1 Ne4 29. Nh3 Rc1 30. Rxc1 Qxc1+ 31. Kg2 Nbd2 32.
Be2 Qe1 33. Qg4 Nc3 34. Ba6 Qxe5 35. Nf4 Qg5 36. Nhg6+ Kg8 37. Qxg5 hxg5 38. Nxf8 Kxf8 39. Nd3 Nxa4 0-1

[Event "*** Titled Tuesday 3|2 Blitz"]
[Site "Chess.com"]
[Date "2015.07.07"]
[Round "3"]
[White "MichiganEagle"]
[Black "goldaxe"]
[Result "1-0"]
[WhiteElo "2264"]
[BlackElo "2151"]
[TimeControl "180+2"]
[EndTime "11:34:22 PDT"]
[Termination "MichiganEagle won by resignation"]

1. d4 Nf6 2. Nf3 g6 3. g3 Bg7 4. Bg2 d5 5. c4 c6 6. O-O O-O 7. Qb3 Qb6 8. Rd1 Bf5 9. Qa3 dxc4 10. Ne5 Nbd7 11. Nxc4 Qb5 12. Nbd2 Nb6 13. b3 Nfd5 14. Bb2 Nb4 15. Qa5 Nc2 16. Rac1 Nxd4 17. Kf1 Rfd8 18. Ba3 e5 19. Bc5 Be6 20. Qa3 Nc2 21. Rxc2 Nd5 22. Nd6 Rxd6 23. Bxd6 f5 24. Nc4 e4 25. Be5 Bf8 26.
Qb2 Bc5 27. Bd4 Bb4 28. a3 Bf8 29. a4 Qb4 30. h4 b5 31. axb5 cxb5 32. Ne3 Ne7 33.
Bc5 Qa5 34. Qf6 Bf7 35. Bxe7 Bxe7 36. Qxe7 Re8 37. Qc7 Qb4 38. Rcd2 Bxb3 39. Rd8 Rf8 40. Rxf8+ 1-0

[Event "*** Titled Tuesday 3|2 Blitz"]
[Site "Chess.com"]
[Date "2015.07.07"]
[Round "3"]
[White "alturas_pacificas"]
[Black "Schemato"]
[Result "1-0"]
[WhiteElo "2054"]
[BlackElo "2017"]
[TimeControl "180+2"]
[EndTime "11:34:34 PDT"]
[Termination "alturas_pacificas won by resignation"]

1. d4 e6 2. Bf4 f5 3. e3 Nf6 4.
h3 b6 5. g4 Bb7 6. Rh2 g6 7.
c4 Bg7 8. Nc3 d6 9. Bg2 Ne4 10.
gxf5 exf5 11. Nge2 Nd7 12. Nxe4 fxe4 13. Nc3 Qe7 14.
h4 h6 15. Qc2 Nf6 16. O-O-O O-O-O 17. a4 Rde8 18. Rhh1 Rhf8 19. a5 Nh5 20. Bh2 Rf7 21. a6 Bc6 22. Nd5 Bxd5 23. cxd5 Qxh4 24. Qc6 Rff8 25.
Bxd6 Qd8 26. Bh3+ Rf5 27. Bxf5+ gxf5 28. Qa8+ Kd7 29. Qxd8+ Rxd8 30. Bxc7 Kxc7 31. Rxh5 Rxd5 32. Kb1 b5 33. Rc1+ Kb6 34. Rc5 Rxc5 35. dxc5+ Kxa6 36. Rxf5 b4 37. Rf7 Be5 38. Re7 Bh2 39. Rxe4 Kb5 40.
c6 Kxc6 41. Rxb4 Bg1 42. Rf4 h5 43. e4 h4 44. Rxh4 Bxf2 45. Rg4 Kd6 46. Kc2 Ke5 47. Kd3 Bb6 48. b3 Bf2 49. Rg5+ Ke6 50. Rh5 Bb6 51. Kc4 Kf6 52. b4 Kg6 53. Rf5 Bg1 54. b5 Be3 55.
Kd5 Bg1 56. Rf1 Bb6 57. e5 1-0